 Dungeon Crawl Stone Soup version 0.25-b1-37-g2669288c55 (console) character file.

Game seed: 2202187422344874119

51 Kagalorn the Skirmisher (level 3, 24/31 HPs)
             Began as a Gnoll Wanderer on June 6, 2020.
             Was a Follower of Uskayaw.
             Quit the game on level 2 of the Dungeon.
             The game lasted 00:04:21 (1730 turns).

Kagalorn the Skirmisher (Gnoll Wanderer)            Turns: 1730, Time: 00:04:22

Health: 24/31      AC:  6    Str: 17    XL:     3   Next: 83%
Magic:  7/7        EV:  9    Int: 15    God:    Uskayaw [*.....]
Gold:   89         SH:  0    Dex: 11    Spells: 7/7 levels left

rFire    . . .     SeeInvis .   a - +0 dagger
rCold    . . .     Gourm    .   (no shield)
rNeg     . . .     Faith    .   i - +0 scale mail
rPois    .         Spirit   .   (no helmet)
rElec    .         Reflect  .   (no cloak)
rCorr    .         Harm     .   (no gloves)
MR       .....                  (no boots)
Stlth    ..........             (no amulet)
HPRegen  0.10/turn              b - ring of attention (curse)
MPRegen  0.10/turn              (no ring)

@: no status effects
A: distributed training, fangs 1, strong nose
a: Stomp, Renounce Religion


You were on level 2 of the Dungeon.
You worshipped Uskayaw.
Uskayaw was noncommittal.
You were not hungry.

You visited 1 branch of the dungeon, and saw 2 of its levels.

You collected 89 gold pieces.

Inventory:

Hand Weapons
 a - a +0 dagger (weapon)
Missiles
 d - 9 arrows
 k - 35 stones (quivered)
 m - 8 boomerangs of dispersal
Armour
 i - a +0 scale mail (worn)
Jewellery
 b - a cursed ring of attention (left hand)
 g - a +4 ring of protection {unknown}
Scrolls
 c - 2 scrolls of teleportation
 h - a scroll of blinking {unknown}
 j - a scroll of amnesia {unknown}
Miscellaneous
 e - a box of beasts
Comestibles
 f - 3 rations
 l - 4 chunks of flesh


   Skills:
 + Level 4.5 Fighting
 + Level 0.9 Short Blades
 + Level 0.9 Long Blades
 + Level 0.9 Axes
 + Level 2.6 Maces & Flails
 + Level 0.9 Polearms
 + Level 0.9 Staves
 + Level 0.9 Slings
 + Level 0.9 Bows
 + Level 0.9 Crossbows
 + Level 0.9 Throwing
 + Level 0.9 Armour
 + Level 0.9 Dodging
 + Level 2.4 Stealth
 + Level 0.9 Shields
 + Level 0.9 Unarmed Combat
 + Level 2.8 Spellcasting
 + Level 0.6 Conjurations
 + Level 0.6 Hexes
 + Level 0.6 Charms
 + Level 0.6 Summonings
 + Level 0.6 Necromancy
 + Level 0.6 Translocations
 + Level 0.6 Transmutations
 + Level 3.8 Fire Magic
 + Level 0.6 Ice Magic
 + Level 0.6 Air Magic
 + Level 0.6 Earth Magic
 + Level 3.8 Poison Magic
 + Level 1.0 Invocations
 + Level 2.6 Evocations


You had 7 spell levels left.
You didn't know any spells.
Your spell library contained the following spells:

 Spells                   Type           Power        Failure   Level  Hunger
 Blink                    Tloc           N/A          63%         2    ##.....
 Shroud of Golubria       Chrm/Tloc      #.....       63%         2    ##.....


Dungeon Overview and Level Annotations

Branches:
Dungeon (2/15)

Altars:
Uskayaw


Innate Abilities, Weirdness & Mutations

Your experience applies equally to all skills.
You have very sharp teeth.
Your uncanny sense of smell can sniff out nearby items.


Message History

You cannot tell which god this altar belongs to.
Convert to them anyway?
Okay, then.
Unknown command.
Press < or > to pray at altars.
You cannot tell which god this altar belongs to.
Convert to them anyway?
Uskayaw accepts your prayer! Uskayaw welcomes you!
You can now stomp with the beat.
You enter the shallow water.
Moving in this stuff is going to be slow.
Why would you want to do that? Why would you want to do that?
Why would you want to do that?
There is a hide-covered altar of Uskayaw here.
You see here a bat skeleton.
Saving game... please wait.
Welcome back, Kagalorn the Gnoll Wanderer.
Uskayaw says: Surrender yourself to the rhythm!
Press ? for a list of commands and other information.
Are you sure you want to abandon this character and quit the game? (Confirm with "yes".)

###############
#........≈≈...#
#"≈≈≈..≈≈..(..#######
#≈≈≈≈≈≈≈≈≈≈≈≈.......#####
#..≈≈≈≈≈≈≈≈≈≈............
#≈.≈≈≈≈≈≈≈≈≈........#####
#..≈≈≈≈♣.≈≈≈≈.......#
#.≈≈≈≈♣_.≈≈≈≈.†.....#
#..≈≈≈≈.@≈≈≈..##.####
#..≈≈≈≈≈≈≈≈≈.÷##.#
#.≈≈≈≈≈≈≈≈≈≈..##)#
#..≈≈≈≈≈≈≈≈≈≈.##.####
#≈..≈.≈≈≈.≈.≈.......#
#.≈..≈......≈.......#
##########.>........#
#.............
#..........##.


There were no monsters in sight!

Vanquished Creatures
  2 adders
  An ooze (D:1)
  A worm (D:2)
  7 bats
  6 goblins
  5 hobgoblins
  A ball python (D:1)
  2 frilled lizards (D:1)
  A kobold (D:2)
  A rat (D:1)
27 creatures vanquished.

Notes
Turn   | Place    | Note
-------+----------+-------------------------------------------
     0 | D:1      | Kagalorn the Gnoll Wanderer began the quest for the Orb.
     0 | D:1      | Kagalorn set off with the following items: a +0 club, a
                  | scroll of teleportation, a +0 robe, a box of beasts, a
                  | ration; and the following spells available to memorise:
                  | Blink, Shroud of Golubria
     0 | D:1      | Reached XP level 1. HP: 20/20 MP: 4/4
   309 | D:1      | Reached XP level 2. HP: 22/26 MP: 5/5
  1050 | D:1      | Reached XP level 3. HP: 31/31 MP: 7/7
  1614 | D:2      | Found a faded altar of an unknown god.
  1644 | D:2      | Reached skill level 1 in Invocations
  1726 | D:2      | Became a worshipper of Uskayaw the Reveler
  1726 | D:2      | Reached * piety under Uskayaw
  1730 | D:2      | Quit the game

Illustrated notes

Levels and vault maps discovered:
D:1:      nicolae_arrival_memento_mori, layout_loops_ring
D:2:      layout_rooms, cheibriados_altar_1, chequers_ecumenical_altar_island,
          minmay_pentomino_s2

Skill      XL: |  1  2  3 |
---------------+----------+-----
Invocations    | 1 |  1.0
Fighting       | |  4.5
Short Blades   | |  0.9
Long Blades    | |  0.9
Axes           | |  0.9
Maces & Flails | |  2.6
Polearms       | |  0.9
Staves         | |  0.9
Slings         | |  0.9
Bows           | |  0.9
Crossbows      | |  0.9
Throwing       | |  0.9
Armour         | |  0.9
Dodging        | |  0.9
Stealth        | |  2.4
Shields        | |  0.9
Unarmed Combat | |  0.9
Spellcasting   | |  2.8
Conjurations   | |  0.6
Hexes          | |  0.6
Charms         | |  0.6
Summonings     | |  0.6
Necromancy     | |  0.6
Translocations | |  0.6
Transmutations | |  0.6
Fire Magic     | |  3.8
Ice Magic      | |  0.6
Air Magic      | |  0.6
Earth Magic    | |  0.6
Poison Magic   | |  3.8
Evocations     | |  2.6

Action                   || total
-------------------------++-------
Melee: Unarmed           ||    63
       Bite              ||    15
       Dagger            ||   110
Throw: Stone             ||     3
  Use: Potion            ||     1
  Eat: Chunk             ||     3
Armor: Robe              ||    30
       Scale mail        ||    40
Dodge: Dodged            ||    75
